Unix NetHack Version 5.0.0-0 post-release - last build May 31 2026 23:59:36 (970b52f25bf058293b47ddfd14a1e40e571c508c,branch:main).

Game began 2026-06-06 14:08:52, ended 2026-06-07 06:44:40.

Grasshopper, neutral male human Wizard

    -----------          ---------------------------------#
    |.^.......-###       |...............................|#
    |.........|  ##      |.{.....---------|-----....----.|#              -----
    -|---------   #      |.......|..|...|..|)..|....|..|.|###############-...|
     #            #      |.......-..|...|..|...-.---|..|.|#              |...|
     ####         ####   |.-----.---|...|--|...|.|..|..|.|#              |...|
        #            ## #|.|...|....---||.^|----.|..|-|-.|#              -.---
        #             # #|.|...-|.......|..|..|..-.--....|#              ##
        ######        # #|.-----...----.-|-|..-...........####          # #
             #        # #|........|...-....|----.-.--..{.|#  ####      *  #
            -.------  ###...--|--.|...|....|...|.|..|.....#  #* ##        #
            |......-#####|..|...|.---.----.|...|.|..|-+-.|#*#  # #   #    #
            |......|  ## |..|(((|..|.....|.|.@@|.|..|.@|.|#     ##### ----|---
            |......|   ##|..|(((|..|..|..-.-...|.---|..|.|       # ###......<|
            |......|    #-..-----..--|----.-----....----.|        #   |......|
            |....e.|     |...............................|       ##   |.*....|
            |..>...|     ---------------------------------            --------
            --------

Grasshopper the Magician  St:17 Dx:15 Co:14 In:18 Wi:15 Ch:9  Neutral
Dlvl:6  $:0  HP:0(67) Pw:105(105) AC:-3 Xp:10/6735 T:14586  Burdened

Latest messages:
 You put a blessed +4 orcish shield into the bag called holding.
 You put a cursed cloak called cloth 50 named +0 into the bag called holding.
 You put an uncursed +3 small shield named +3 into the bag called holding.
 You put an uncursed T-shirt named +0 into the bag called holding.
 You cannot stash something you are wearing.
 You put an uncursed +0 cloak of magic resistance named +0 into the bag called holding.
 You cannot stash something you are wearing.
 You cannot stash something you are wearing.
 You put an uncursed spellbook called thick 4 into the bag called holding.
 You put an uncursed spellbook of chain lightning named 14565-1 into the bag called holding.
 You put an uncursed spellbook of detect monsters named 6270-1 into the bag called holding.
 You put an uncursed spellbook of healing named 6259-1 into the bag called holding.
 You put an uncursed spellbook of cure sickness into the bag called holding.
 You put an uncursed spellbook of cure sickness named 6267-1 into the bag called holding.
 Your movements are only slowed slightly by your load.
 What do you want to use or apply? [chikstwDLMSTYZ or ?*] i
 You have a little trouble removing z - an uncursed potion of polymorph.
 What do you want to dip? [a-chikqstwyzBDF-HLMSTYZ or ?*] q
 What do you want to dip an uncursed amulet of strangulation into? [z or ?*] z
 q - a circular amulet.
 What do you want to put on? [qt or ?*] q
 q - a circular amulet (being worn).
 What do you want to remove? [eqO or ?*] e
 You were wearing an uncursed +2 ring of protection (on right hand).
 What do you want to remove? [qO or ?*] ?
 You were wearing a blessed +2 ring of gain strength (on left hand).
 What do you want to use or apply? [chikstwDLMSTYZ or ?*] i
 You have a little trouble removing A - an uncursed ring called silver 300.
 E - a blessed ring called wood 150.
 What do you want to use or apply? [chikstwDLMSTYZ or ?*] i
 You have a little trouble removing C - an uncursed wand of enlightenment named 3.
 What do you want to put on? [etAEO or ?*] ?
 Which ring-finger, Right or Left? [rl] l
 E - a blessed ring called wood 150 (on left hand).
 What do you want to put on? [etAO or ?*] A
 A - an uncursed ring called silver 300 (on right hand).
 What do you want to zap? [hkwCDSYZ or ?*] ?
 You feel self-knowledgeable...
 The feeling subsides.
 The priestess of Anhur swings her mace.
 The priestess of Anhur hits!
 The priestess of Anhur kicks!
 The priestess of Anhur swings her mace.
 The priestess of Anhur hits!
 The priestess of Anhur kicks!
 The priestess of Anhur swings her mace.
 The priestess of Anhur hits!
 The priestess of Anhur kicks!
 You die...
 Do you want your possessions identified? [ynq] (y) q

Inventory:
 Amulets  ('"')
  q - an uncursed amulet of ESP (being worn)
 Weapons  (')')
  a - a blessed +2 dagger named +2 (weapon in right hand)
 Armor    ('[')
  b - an uncursed fireproof +1 cloak of magic resistance (being worn)
  B - a blessed +2 pair of high boots (being worn)
  G - an uncursed +0 pair of leather gloves named +0 (being worn)
  H - a blessed +1 elven leather helm (being worn)
 Comestibles  ('%')
  y - an uncursed fortune cookie
  F - an uncursed lizard corpse named Lizard of Oz
 Rings    ('=')
  e - an uncursed +2 ring of protection
  A - an uncursed ring of conflict (on right hand)
  E - a blessed +1 ring of increase damage (on left hand)
  O - a blessed +2 ring of gain strength
 Wands    ('/')
  h - a wand of teleportation named 2 (0:3)
  k - a wand of digging (0:3)
  w - a wand of probing (0:6)
  C - a wand of enlightenment named 3 (0:7)
  D - a wand of sleep named 1 (0:4)
  S - a wand of probing named 1 (0:5)
  Y - a wand of cold named 3 (0:5)
  Z - a wand of magic missile (0:6)
 Tools    ('(')
  c - an uncursed skeleton key
  i - an uncursed bag of holding containing 71 items
  s - an uncursed stethoscope
  t - an uncursed towel
  L - an uncursed magic lamp (lit)
  M - an uncursed tooled horn
 Gems/Stones  ('*')
  T - an uncursed luckstone

Contents of the bag of holding:
  2520 gold pieces
  a blessed +1 orcish dagger named +1
  a blessed +1 dagger named +1
  8 +2 daggers named +2
  an uncursed +0 pair of jumping boots named +0
  an uncursed +2 pair of elven boots
  an uncursed +0 pair of elven boots
  a blessed +4 orcish shield
  an uncursed +3 small shield named +3
  a cursed +0 cloak of displacement named +0
  an uncursed +1 cloak of invisibility named +1?
  an uncursed +0 cloak of magic resistance named +0
  an uncursed +0 T-shirt with text "Mind flayers suck" named +0
  an uncursed banana
  9 uncursed food rations
  3 uncursed fortune cookies
  4 uncursed tripe rations
  an uncursed egg
  an uncursed lichen corpse
  2 blessed scrolls of earth
  an uncursed scroll of destroy armor
  a cursed scroll of destroy armor
  an uncursed scroll of food detection
  an uncursed scroll of amnesia
  an uncursed scroll of charging
  a cursed scroll of light
  a blessed scroll of teleportation
  4 uncursed scrolls of teleportation
  a cursed scroll of teleportation
  an uncursed scroll of scare monster
  2 uncursed scrolls of fire
  4 uncursed scrolls of blank paper
  2 blessed scrolls of enchant armor
  2 uncursed scrolls of enchant armor
  an uncursed scroll of enchant weapon
  an uncursed scroll of identify
  2 uncursed scrolls of magic mapping
  a cursed scroll of punishment
  3 uncursed scrolls of remove curse named uc
  an uncursed spellbook of detect treasure
  an uncursed spellbook of chain lightning named 14565-1
  an uncursed spellbook of cure sickness named 6267-1
  an uncursed spellbook of cure sickness
  an uncursed spellbook of detect monsters named 6270-1
  an uncursed spellbook of healing named 6259-1
  8 uncursed potions of water
  a potion of unholy water
  a blessed potion of booze
  an uncursed potion of booze
  an uncursed potion of confusion
  an uncursed potion of enlightenment
  an uncursed potion of gain ability
  an uncursed potion of monster detection
  2 uncursed potions of see invisible
  2 uncursed potions of levitation
  an uncursed potion of fruit juice
  an uncursed potion of extra healing
  7 uncursed potions of healing
  3 uncursed potions of object detection
  an uncursed potion of oil
  3 uncursed potions of paralysis
  2 uncursed potions of sleeping
  2 uncursed potions of speed
  a cursed ring of teleportation
  an uncursed ring of searching
  an uncursed ring of warning
  an uncursed +1 ring of adornment
  an uncursed +1 ring of gain strength
  a wand of create monster named 1 (0:10)
  a wand of teleportation (0:8)
  an uncursed tin whistle

Grasshopper the Wizard's attributes:

Background:
 You were a Magician, a level 10 male human Wizard.
 You were neutral, on a mission for Thoth
 who was opposed by Ptah (lawful) and Anhur (chaotic).
 You were right-handed.
 You were in the Gnomish Mines, on level 6.
 You entered the dungeon 14586 turns ago.
 You had 6735 experience points, 3265 more were needed to attain level 11.

Basics:
 You had 0 out of 67 hit points.
 You had all 105 energy points (spell power).
 Your armor class was -3.
 Your wallet was empty, but
 you had 2520 zorkmids stashed away in your pack.
 Autopickup was on for '$"?+!=/' plus thrown.

Final Characteristics:
 Your strength was 17 (limit:18/100).
 Your dexterity was 15 (peak:18, limit:18).
 Your constitution was 14 (limit:18).
 Your intelligence was 18 (limit:18).
 Your wisdom was 15 (limit:18).
 Your charisma was 9 (limit:18).

Final Status:
 You weren't hungry.
 You were burdened; movement was slightly slowed.
 You were wielding a dagger.
 You had expert skill with dagger.

Final Attributes:
 You were piously aligned.
 You were magic-protected.
 You were cold resistant.
 You were sleep resistant.
 You were poison resistant.
 You were telepathic.
 You caused conflict.
 You had a small damage bonus (+1).
 You had a small defense bonus (+4).
 You were warded.
 You were fast.
 You were lucky.
 You had extra luck.
 Bad luck did not time out for you.
 Good luck did not time out for you.
 You are dead.

Miscellaneous:
 You encountered 3 bones levels.
 Total elapsed playing time was 8 hours, 28 minutes and 51 seconds.

Major events:
 Turn
    1: Grasshopper the neutral male human Wizard entered the dungeon
  774: attained the rank of Conjurer (level 3)
  887: read a Discworld novel
 1329: entered the Gnomish Mines
 2009: attained the rank of Thaumaturge (level 6)
 3372: reached Mine Town
11289: entered Sokoban
11673: completed 1st Sokoban level
12278: completed 2nd Sokoban level
12312: attained the rank of Magician (level 10)
12648: completed 3rd Sokoban level
14586: killed by a priestess of Anhur

Spells:
 Name                 Level Category     Fail Retention
 force bolt             1   attack         0%   21%-30%
 jumping                1   escape         0%   26%-50%
 light                  1   divination     0%   21%-30%
 detect monsters        1   divination     0%   51%-60%
 cure blindness         2   healing        0%   26%-50%
 detect food            2   divination     0%   41%-50%
 cure sickness          3   healing       70%   51%-75%
 healing                1   healing        0%   51%-75%
 confuse monster        1   enchantment    0%   81%-90%
 haste self             3   escape        70%  76%-100%
 chain lightning        2   attack         0%  91%-100%

Skills:
 Fighting Skills
   bare handed combat [Unskilled]
   riding             [Unskilled]
 Weapon Skills
   dagger             [Expert]
   knife              [Unskilled]
   axe                [Unskilled]
   short sword        [Unskilled]
   club               [Unskilled]
   mace               [Unskilled]
   quarterstaff       [Basic]
   polearms           [Unskilled]
   spear              [Unskilled]
   trident            [Unskilled]
   sling              [Unskilled]
   dart               [Unskilled]
   shuriken           [Unskilled]
 Spellcasting Skills
   attack spells      [Basic]
   healing spells     [Unskilled]
   divination spells  [Basic]
   enchantment spells [Basic]
   clerical spells    [Unskilled]
   escape spells      [Unskilled]
   matter spells      [Unskilled]

Voluntary challenges:
 Character rerolling was not enabled.
 You never genocided any monsters.
 You never changed form.
 You used no wishes.
 You violated the special Sokoban rules twice.
Achievements:
 You entered a shop.
 You attained the rank of Conjurer.
 You read from a Discworld novel.
 You entered the Gnomish Mines.
 You attained the rank of Thaumaturge.
 You entered Minetown.
 You entered a temple.
 You entered Sokoban.
 You attained the rank of Magician.

 The Dungeons of Doom: levels 1 to 11
    Level 1:
       A fountain, a sink, a grave.
    Level 2: "boxok"
       A scroll shop, some fountains.
    Level 3: "box"
       A fountain.
       Stairs down to The Gnomish Mines.
    Level 4:
    Level 5:
       A grave.
       Final resting place for
          Eisengrim-Wiz-Elf-Mal-Cha, killed by a little dog.
    Level 6:
       A fountain.
    Level 7:
    Level 8:
       A fountain.
    Level 9: "Oracle"
       Many fountains.
       Oracle of Delphi.
    Level 10:
       Many altars.
       Stairs up to Sokoban, level 9.
    Level 11:
 The Gnomish Mines: levels 4 to 11
    Level 4:
    Level 5: "arrow"
    Level 6: "arrow" <- You were here.
       Many shops, a temple and an altar, some fountains, a grave.
       Final resting place for
          you, killed by a priestess of Anhur,
          Jobair-Arc-Dwa-Fem-Law, killed by a giant ant.
    Level 7:
       A grave.
       Final resting place for
          FutureTim-Val-Hum-Fem-Law, killed by a fire ant.
    Level 8: "ice"
    Level 9:
    Level 10:
    Level 11: "ME"
 Sokoban: levels 9 up to 6
    Level 6:
       Unsolved.
    Level 7:
       Solved.
    Level 8:
       Solved.
    Level 9:
       Solved.


Vanquished creatures:
  3 ghosts
  4 giant mimics
  2 rock trolls
  a large mimic
  a wumpus
  a hill giant
  2 xans
  a quantum mechanic
  a wood golem
  a tiger
  a gargoyle
  a dwarf ruler
  2 ochre jellies
  a human mummy
 an ettin zombie
  3 Grey-elves
  3 watchmen
  a chameleon
  a giant beetle
  a quivering blob
  2 cockatrices
  2 wolves
  2 winter wolf cubs
  a leprechaun
  2 iron piercers
  2 giant spiders
 an ice vortex
  2 gnome rulers
 an orc mummy
  a dwarf mummy
  a rust monster
  2 owlbears
  2 yetis
  a werewolf
  4 Green-elves
  6 lizards
  a housecat
  2 jaguars
  a dwarf leader
  2 blue jellies
  2 dust vortices
  a raven
  a plains centaur
  a gnome mummy
  a snake
  5 apes
  3 Woodland-elves
  4 soldier ants
  a fire ant
  2 quasits
  a wood nymph
  a mountain nymph
  7 Mordor orcs
  7 Uruk-hai
  a rock piercer
  4 rock moles
  3 ponies
  2 fog clouds
  4 yellow lights
  a shrieker
 18 gnome leaders
  6 gnomish wizards
  a kobold mummy
  3 gray oozes
  2 ghouls
  a paper golem
  4 giant ants
  2 floating eyes
  a kitten
 15 dwarves
  3 homunculi
  5 hill orcs
  7 rothes
  3 giant bats
  5 orc zombies
  a wererat
  a werejackal
  3 iguanas
 13 killer bees
  a coyote
  2 gas spores
  6 hobbits
  2 manes
  a hobgoblin
  4 giant rats
  2 cave spiders
  a brown mold
  3 yellow molds
  a green mold
  a red mold
 53 gnomes
  5 garter snakes
  4 gnome zombies
 10 geckos
 17 jackals
  2 foxes
  4 kobolds
  4 goblins
  6 sewer rats
  8 grid bugs
  a bat
  4 lichens
  6 kobold zombies
 13 newts
377 creatures vanquished.

No species were genocided or became extinct.

Game over:
                       ----------
                      /          \
                     /    REST    \
                    /      IN      \
                   /     PEACE      \
                  /                  \
                  |   Grasshopper    |
                  |     2520 Au      |
                  |   killed by a    |
                  |   priestess of   |
                  |      Anhur       |
                  |                  |
                  |       2026       |
                 *|     *  *  *      | *
        _________)/\\_//(\/(/\)/\//\/|_)_______

Goodbye Grasshopper the Wizard...

You died in The Gnomish Mines on dungeon level 6 with 29758 points,
and 2520 pieces of gold, after 14586 moves.
You were level 10 with a maximum of 67 hit points when you died.

